 Dungeon Crawl Stone Soup version 0.29-a0-72-g1732ff48e7 (webtiles) character file.

Game seed: 17362327669117605633

54 HallandMoats the Skirmisher (level 3, -8/33 HPs)
             Began as a Ghoul Monk on Feb 4, 2022.
             Was a Priest of Fedhas.
             Mangled by Grinder (9 damage)
             ... while paralysed by Grinder
             ... on level 6 of the Dungeon.
             The game lasted 00:02:44 (1732 turns).

HallandMoats the Skirmisher (Ghoul Monk)            Turns: 1732, Time: 00:02:44

Health: -8/33      AC:  5    Str: 22    XL:     3   Next: 91%
Magic:  2/2        EV:  2    Int:  5    God:    Fedhas [***...]
Gold:   128        SH:  0    Dex: 11    Spells: 2/2 levels left

rFire   . . .      SeeInvis .     - Unarmed
rCold   + . .      Faith    .   (no shield)
rNeg    + + +      Spirit   .   i - +0 leather armour
rPois   ∞          Reflect  .   d - +1 helmet
rElec   .          Harm     .   (no cloak)
rCorr   .          Rampage  .   (no gloves)
Will    .....                   (no boots)
Stlth   ++........              (no amulet)
HPRegen 0.00/turn               c - +6 ring of strength
MPRegen 0.08/turn               (no ring)

@: paralysed, inhibited regen
A: claws 1, cold resistance 1, negative energy resistance 3, inhibited
regeneration, torment resistance 2
a: Renounce Religion, Wall of Briars, Grow Ballistomycete


You were on level 6 of the Dungeon.
You worshipped Fedhas.
Fedhas was most pleased with you.
You visited 1 branch of the dungeon, and saw 4 of its levels.

You collected 128 gold pieces.

Inventory:

Armour
 d - a +1 helmet (worn)
 i - a +0 leather armour (worn)
Jewellery
 c - a +6 ring of strength (left claw)
 j - a ring of wizardry
Scrolls
 a - a scroll of torment
Potions
 b - a potion of might {unknown}
 e - a potion of haste {unknown}
 g - a potion of resistance {unknown}
 h - a potion of attraction {unknown}
 l - a potion of curing {unknown}
 m - a potion of ambrosia {unknown}
 n - a potion of heal wounds {unknown}


   Skills:
 + Level 3.8 Fighting
 + Level 3.1 Dodging
 + Level 3.0 Stealth
 + Level 3.8 Unarmed Combat


You had 2 spell levels left.
You didn't know any spells.
Your spell library was empty.

Dungeon Overview and Level Annotations

Branches:
Dungeon (3/15)

Altars:
Fedhas

Annotations:
D:6 Grinder, Menkaure


Innate Abilities, Weirdness & Mutations

You thrive by killing the living.
You are immune to poison.
You have sharp fingernails.
Your flesh is cold resistant. (rC+)
You are immune to negative energy. (rN+++)
You do not regenerate when monsters are visible.
You are immune to unholy pain and torment.


Message History

Press: ? - help, Dir - move target
As you read the scroll labelled KAG NUORIAF, it crumbles to dust.
It was a scroll of blinking.
a - 2 scrolls labelled LUCHEPNUOF
As you read the scroll labelled LUCHEPNUOF, it crumbles to dust.
You feel a surge of unholy energy.
It was a scroll of torment.
Grinder hits you!
Okay, then.
Unknown command.
Unknown command.
You can't see any enemies this would affect, really read the scroll of torment?
Okay, then.
Unknown command.
As you read the scroll labelled XIUMIUQIEDI, it crumbles to dust.
The scroll dissolves into smoke.
It was a scroll of fog.
Grinder hits you.
As you read the scroll labelled WIYFEVOPNY, it crumbles to dust.
It is a scroll of enchant armour.
Your +0 helmet glows green for a moment.
Grinder hits you. Grinder barely misses you. Menkaure completely misses you.
Found a ring mail.
Menkaure hums a few words.
Found 9 gold pieces.
Menkaure mumbles some strange words.
Menkaure seems to speed up.
You see here a +0 ring mail.
Found a stone staircase leading down.
Grinder blinks!
Grinder gestures at you.
You suddenly lose the ability to move!
Grinder hits you! Menkaure hits you.
* * * LOW HITPOINT WARNING * * *
Grinder hits you but does no damage. Menkaure hits you!
* * * LOW HITPOINT WARNING * * *
Grinder hits you!
You die...
Fedhas appreciates your contribution to the ecosystem.

.... ... ### ...
.... .. .....#.##
...... ..#
.$....##.# .......@#
......5M# ###.....##
#......###
###########........#
#.............[.##.#
#...............# .#
#....§..........# >
#.§§§§..........# .


You could see Grinder and Menkaure (fast).

Vanquished Creatures
  2 adders (D:2)
  8 orcs
  4 bats
  An endoplasm (D:1)
  A giant cockroach (D:1)
  2 goblins
  2 hobgoblins
  2 kobolds (D:1)
  A quokka (D:1)
  A ball python (D:1)
  2 frilled lizards
  3 rats (D:2)
29 creatures vanquished.

Notes
Turn   | Place    | Note
-------+----------+-------------------------------------------
     0 | D:1      | HallandMoats the Ghoul Monk began the quest for the Orb.
     0 | D:1      | Reached XP level 1. HP: 19/19 MP: 0/0
   137 | D:1      | Found a faded altar of an unknown god.
   148 | D:1      | Prayed at the altar of an unknown god.
   148 | D:1      | Became a worshipper of Fedhas Madash
   148 | D:1      | Reached * piety under Fedhas
   148 | D:1      | Reached ** piety under Fedhas
   254 | D:1      | Reached XP level 2. HP: 26/26 MP: 1/1
   538 | D:1      | Reached *** piety under Fedhas
   849 | D:2      | Reached XP level 3. HP: 31/31 MP: 2/2
  1708 | D:3      | You fall into a shaft and drop 3 floors!
  1708 | D:6      | Noticed Menkaure
  1708 | D:6      | Noticed Grinder
  1729 | D:6      | Paralysed by Grinder for 6 turns
  1732 | D:6      | HP: 1/33 [Menkaure (7)]
  1732 | D:6      | Mangled by Grinder

Illustrated notes

Levels and vault maps discovered:
D:1:      lemuel_arrival_broad_hall, layout_basic,
          shapermc_ecumenical_altar_notcrosses, lemuel_another_geyser
D:2:      layout_loops_corners
D:3:      layout_loops_cross, minmay_tree_intersection
D:6:      minmay_bubble_buster, layout_basic, nicolae_uskayaw_suspiria,
          minmay_temple_entry_mist, uniq_sigmund, uniq_menkaure, uniq_grinder

Skill      XL: |  1  2  3 |
---------------+----------+-----
Dodging        | 3 |  3.1
Stealth        | 3 |  3.0
Fighting       | |  3.8
Unarmed Combat | |  3.8

Action                   || total
-------------------------++-------
Melee: Unarmed           ||    81
       Punch             ||     2
  Use: Scroll            ||     4
 Stab: Sleeping          ||     6
Armor: Robe              ||     7
       Leather armour    ||    13
Dodge: Dodged            ||    48

Table legend: (Time is in decaauts)
 A = Elapsed time spent in this place.
 B = Non-inter-level travel time spent in this place.
 C = Inter-level travel time spent in this place.
 D = Time resting spent in this place.
 E = Time spent auto-exploring this place.
 F = Levels seen in this place.
 G = Mean time per level.
                   A        B        C        D        E       F      G
               +--------+--------+--------+--------+--------+-----+--------+
         Total |   1725 |   1697 |     28 |      0 |   1435 |   4 |  431.2 |
       Dungeon |   1725 |   1697 |     28 |      0 |   1435 |   4 |  431.2 |
               +--------+--------+--------+--------+--------+-----+--------+

Top non-repeatable levels by time:
     D:2: 1030 daAuts
     D:1: 585 daAuts
     D:3: 86 daAuts
     D:6: 23 daAuts
